 Dungeon Sprint DCSS version 0.31.0-9-g3a7656b989 (webtiles) character file.

Game seed: 6584869296427033959

574 Groucho the Covert (level 7, -4/41 HPs)
             Began as a Felid Shapeshifter on Jan 26, 2024.
             Was a Follower of Makhleb.
             Slain by an earth elemental (25 damage)
             ... created by the adversity of Qazlal
             ... in the Dungeon (Sprint III: "The Ten Rune Challenge").
             The game lasted 00:03:10 (783 turns).

Groucho the Covert (Felid Shapeshifter)              Turns: 783, Time: 00:03:11

Health: -4/41      AC:  2    Str: 12    XL:     7   Next: 12%
Magic:  9/9        EV: 22    Int: 14    God:    Makhleb [*.....]
Gold:   34         SH:  0    Dex: 15    Spells: 6/6 levels left
                                        Lives:  0   Deaths: 3

rFire   . .          .
                       - Unarmed
rCold   . . .        (shield unavailable)
rNeg    . . .        (body armour unavailable)
rPois   .            (helmet unavailable)
rElec   .            (cloak unavailable)
rCorr   .            (gloves unavailable)
SInv    +            (boots unavailable)
Will    +....        (no amulet)
Stlth   ++++         (no ring)
HPRegen 0.26/turn    (no ring)
MPRegen 0.11/turn

%: no teleportation
@: beast-form
A: beast (slay +3), very small, claws 1, fangs 3, see invisible, shaggy fur 2,
stealthy paws, no weapons or thrown items, no armour, multi-lived
a: Begin Untransformation, Renounce Religion


You were in the Dungeon.
You worshipped Makhleb.
Makhleb was aware of your devotion.
You were a hulking beast.
You visited 1 branch You collected 34 gold pieces.

Inventory:

Talismans
 b - a beast talisman
 c - a flux talisman
Wands
 h - a wand of paralysis (9)
Scrolls
 i - a scroll of blinking
 j - 2 scrolls of immolation {unknown}
 k - 3 scrolls of identify
Potions
 e - 2 potions of mutation {unknown}
 f - a potion of haste
 g - 2 potions of magic
 l - a potion of degeneration {unknown}
 m - a potion of enlightenment {unknown}
 n - a potion of might {unknown}
 o - a potion of cancellation {unknown}
Miscellaneous
 d - a box of beasts


   Skills:
 + Level 6.8 Fighting
 + Level 9.3 Dodging
 + Level 9.6 Stealth
 + Level 7.5 Unarmed Combat
 + Level 1.7 Invocations
 + Level 6.3 Shapeshifting


You had 6 spell levels left.
You didn't know any spells.
Your spell library contained the following spells:

 Spells                   Type           Power      Damage    Failure   Level
 Fugue of the Fallen      Necr           0%         N/A       65%         3
 Gell's Gravitas          Tloc           0%         N/A       65%         3
 Ozocubu's Armour         Ice            0%         N/A       65%         3
 Teleport Other           Tloc           0%         N/A       65%         3
 Manifold Assault         Tloc           0%         N/A       96%         4
 Dispersal                Tloc           0%         N/A       100%        6


Dungeon Overview and Level Annotations

Branches:
Dungeon (1/1)

Altars:
Cheibriados
Dithmenos
Fedhas
Gozag
Hepliaklqana
Kikubaaqudgha
Makhleb
Nemelex Xobeh
Qazlal
Ru
Sif Muna
Vehumet
Xom
Yredelemnul
Jiyva
Lugonu


Innate Abilities, Weirdness & Mutations

You are a hulking beast.
Your limbs bulge with bestial killing power. (Slay +3)
You have sharp claws.
You have razor-sharp teeth.
You have supernaturally acute eyesight. (SInv)
You are covered in thick fur. (AC +2)
Your paws help you pounce on unaware monsters.
You are incapable of wielding weapons or throwing items.
You cannot wear armour.
You gain extra lives every three experience levels.


Message History

You are too injured to fight recklessly!
You are too injured to fight recklessly!
You are too injured to fight recklessly!
Unknown command.
You are too injured to fight recklessly!
You are too injured to fight recklessly!
You scratch the boulder beetle.
The boulder beetle is moderately wounded.
The boulder beetle waves its antennae.
The boulder beetle bites you. The boulder beetle bites you!
You die...
Your shape twists and changes as you die.
You rejoin the land of the living...
Unknown command.
You close the door.
You start waiting.
You start waiting.
Qazlal incites the elements against you!
A wind drake and an earth elemental come into view.
There are monsters nearby!
There are monsters nearby!
Unknown command.
Unknown command.
Unknown command.
The wind drake flaps its wings at you. The air twists around and strikes you.
The earth elemental completely misses you.
The wind drake misses you.
Unknown command.
The wind drake exhales a fierce blast of wind!
You are knocked back by the gust of wind.
You slam into the stone wall!
The earth elemental is knocked back by the gust of wind.
The earth elemental slams into the stone wall!
The earth elemental is lightly damaged.
Unknown command.
The wind drake flaps its wings at you. The air twists around and strikes you!
The earth elemental hits you!!
Ouch! That really hurt!
You die...

▓▓▓▓▓▓ ▓▓▓ .#...#### ##.#
#### .#......#####..# #__#
##.......#..#..# #._#
.##.##...#..#..###+#+###'##
.##.###..##'#..#..........#
####.##..###...+h⌠........#
##..##..####..B#Ek.######'#
....##..###...†#.⌠.#__#...#
#..##)..##.....#†..#__#...#
..##....#.)....#'###__#...#
.###..##.#.....#.))#__#...+
.# #..#####....#___#__'...#
▓▓ ▓▓▓▓ ▓▓▓▓▓▓▓▓▓▓▓▓▓▓▓▓▓


You could see a wind drake (repels missiles, catching breath) and an earth
elemental.

Vanquished Creatures
  A shadow (D)
  A spatial vortex (D)
  A necrophage (D)
  A water elemental (D)
  Crazy Yiuf (D)
  A jelly (D)
  An arcanist (D)
  Jessica (D)
  A necromancer (D)
  A human (D)
  A kobold demonologist (D)
  2 endoplasms (D)
  A rat (D)
14 creatures vanquished.

Notes
Turn   | Place    | Note
-------+----------+-------------------------------------------
     0 | D        | Groucho the Felid Shapeshifter began the quest for the Orb.
     0 | D        | Reached XP level 1. HP: 10/10 MP: 2/2
    11 | D        | Reached skill level 1 in Stealth
    48 | D        | Noticed Jessica
    52 | D        | Killed Jessica
    53 | D        | Reached XP level 2. HP: 16/16 MP: 3/3
    53 | D        | Reached XP level 3. HP: 19/19 MP: 4/4
   233 | D        | Noticed Crazy Yiuf
   240 | D        | Killed Crazy Yiuf
   241 | D        | Reached skill level 5 in Dodging
   241 | D        | Reached XP level 4. HP: 24/24 MP: 5/5
   241 | D        | Gained a life (2 lives remaining)
   264 | D        | Noticed a water elemental
   269 | D        | Slain by a water elemental
   269 | D        | Lost a life (1 life remaining)
   274 | D        | Killed a water elemental
   275 | D        | Reached skill level 5 in Unarmed Combat
   288 | D        | Noticed a shadow
   291 | D        | HP: 1/25 [shadow (13)]
   298 | D        | Killed a shadow
   299 | D        | Reached skill level 5 in Fighting
   299 | D        | Reached skill level 5 in Shapeshifting
   299 | D        | Reached XP level 5. HP: 25/32 MP: 6/6
   299 | D        | Gained mutation: You are covered in thick fur. (AC +2)
                  | [Felid growth]
   299 | D        | Reached XP level 6. HP: 28/36 MP: 7/7
   621 | D        | Found a blossoming altar of Fedhas.
   621 | D        | Found a stormy altar of Qazlal.
   622 | D        | Found a snail-covered altar of Cheibriados.
   622 | D        | Found a burning altar of Makhleb.
   622 | D        | Found a hazy altar of Hepliaklqana.
   622 | D        | Found a shimmering altar of Xom.
   622 | D        | Found an opulent altar of Gozag.
   622 | D        | Found a sparkling altar of Nemelex Xobeh.
   622 | D        | Found a corrupted altar of Lugonu.
   622 | D        | Found a viscous altar of Jiyva.
   622 | D        | Noticed a spatial vortex
   627 | D        | Killed a spatial vortex
   634 | D        | Became a worshipper of Qazlal Stormbringer
   644 | D        | Fell from the grace of Qazlal
   644 | D        | Became a worshipper of Makhleb the Destroyer
   659 | D        | Found a shadowy altar of Dithmenos.
   660 | D        | Found a basalt altar of Yredelemnul.
   660 | D        | Found a sacrificial altar of Ru.
   662 | D        | Reached skill level 1 in Invocations
   663 | D        | Reached XP level 7. HP: 41/41 MP: 8/8
   663 | D        | Gained a life (2 lives remaining)
   679 | D        | Found a radiant altar of Vehumet.
   680 | D        | Found a shimmering blue altar of Sif Muna.
   680 | D        | Found an ancient bone altar of Kikubaaqudgha.
   681 | D        | Reached * piety under Makhleb
   688 | D        | Noticed a boulder beetle
   688 | D        | Noticed a boulder beetle
   693 | D        | Mangled by a boulder beetle
   693 | D        | Lost a life (1 life remaining)
   707 | D        | Slain by a boulder beetle
   707 | D        | Lost a life (0 lives remaining)
   778 | D        | Noticed a wind drake
   783 | D        | Slain by an earth elemental

Illustrated notes

Levels and vault maps discovered:
D:        dungeon_sprint_mu [sprint_mu_entry_cave, sprint_mu_temple_rooms,
          sprint_mu_d1_horrors, sprint_mu_d2_genie, sprint_mu_d3_branching,
          sprint_mu_orc_legion, sprint_mu_elf_gauntlet, sprint_mu_hive_nellie,
          sprint_mu_lair_fedhas, sprint_mu_vaults_butterflies,
          sprint_mu_slime_circle, sprint_mu_shoals_kraken,
          sprint_mu_snake_twists, sprint_mu_blade_basic,
          sprint_mu_crypt_fortress, sprint_mu_tomb_spiral,
          sprint_mu_vestibule_basic, sprint_mu_gehenna_hellfire,
          sprint_mu_dis_giant, sprint_mu_tartarus_statrot,
          sprint_mu_cocytus_islands, sprint_mu_zot1]

Skill      XL: |  1  2  3  4  5  6 |
---------------+-------------------+-----
Dodging        | 4 5 7 9 |  9.3
Stealth        | 3 4 8 9 |  9.6
Fighting       | 2 3 5 6 |  6.8
Unarmed Combat | 4 6 7 |  7.5
Shapeshifting  | 3 4 5 6 |  6.3
Invocations    | 1 |  1.7

Action                     |  1- 3 |  4- 6 |  7- 9 || total
---------------------------+-------+-------+-------++-------
  Melee: Unarmed           |    22 |    20 |    11 ||    53
         Bite              |     5 |     1 |       ||     6
         Punch             |       |     1 |     1 ||     2
    Use: Potion            |     1 |     2 |     1 ||     4
   Stab: Sleeping          |     3 |     3 |     2 ||     8
 Armour: Skin              |     4 |     7 |    13 ||    24
  Dodge: Dodged            |    11 |    10 |     5 ||    26
